 Dungeon Crawl Stone Soup version 0.17-a0-1105-gbe8b664 (webtiles) character file.

10268 HeyJoe the Cleaver (level 11, -46/154 HPs)
             Began as a Deep Dwarf Berserker on May 21, 2015.
             Was a High Priest of Trog.
             Engulfed by a cloud of thunder (66 damage)
             ... on level 11 of the Dungeon.
             The game lasted 01:15:10 (9007 turns).

HeyJoe the Cleaver (Deep Dwarf Berserker)           Turns: 9007, Time: 01:15:11

Health: -46/154    AC: 16    Str: 30    XL:     11   Next: 33%
Magic:  11/11      EV: 10    Int:  7    God:    Trog [*****.]
Gold:   658        SH:  0    Dex: 12    Spells: 0 memorised, 10 levels left

rFire  . . .     SeeInvis +     z - +1 hand axe (vamp)
rCold  + . .     Clarity  .     H - +1 chain mail {rC+}
rNeg   + . .     SustAb   .     (no shield)
rPois  .         Gourm    .     j - +0 helmet
rElec  .         Spirit   .     (no cloak)
rCorr  .         Warding  +     (no gloves)
rMut   .         Stasis   .     r - +1 pair of boots
MR     +....                    E - amulet of warding
Stlth  ..........               L - ring of see invisible
                                k - ring of poison resistance

@: berserking (expiring), poison vulnerable, non-regenerating, very quick,
somewhat resistant to hostile enchantments, extremely unstealthy
A: damage resistance, recharge devices, sense surroundings 2, slow healing 3
a: Device Recharging, Burn Spellbooks, Berserk, Trog's Hand, Brothers in Arms,
Renounce Religion


You were on level 11 of the Dungeon.
You worshipped Trog.
Trog was extremely pleased with you.
You were hungry.

You visited 2 branches of the dungeon, and saw 12 of its levels.

You collected 658 gold pieces.

Inventory:

Hand weapons
 z - a +1 vampiric hand axe (weapon)
 S - the +2 hand axe of Greed {antimagic, rElec rF+}
   (You found it on level 9 of the Dungeon)

   It disrupts the flow of magical energy around spellcasters and certain
   magical creatures (including the wielder).
   It protects you from fire.
   It insulates you from electricity.
Missiles
 F - 7 javelins of penetration (quivered)
Armour
 j - a +0 helmet (worn)
 r - a +1 pair of boots (worn)
 H - a +1 chain mail of cold resistance (worn)
Jewellery
 b - an uncursed amulet of stasis
 k - a ring of poison resistance (left hand)
 t - an uncursed ring of fire
 A - an uncursed ring of positive energy
 D - an uncursed ring of protection from fire
 E - an amulet of warding (around neck)
 L - a ring of see invisible (right hand)
 N - an uncursed ring of teleportation
Magical devices
 c - a wand of heal wounds (6)
 s - a wand of fire (0)
 v - a wand of heal wounds (3)
 w - a wand of disintegration (5)
 I - a wand of random effects (15)
Scrolls
 a - 2 scrolls of amnesia
 g - 4 scrolls of remove curse
 h - 4 scrolls of enchant weapon
 p - 3 scrolls of identify
 q - 10 scrolls of teleportation
 y - 2 scrolls of fear
 C - 8 scrolls of fog
Potions
 e - a potion of agility
 n - a potion of might
 o - 3 potions of curing
 u - 2 potions of brilliance
 x - 2 potions of haste
 B - a potion of heal wounds
 J - a potion of magic
 K - 2 potions of flight
 O - 2 potions of berserk rage
Books
 M - a book of Battle

   Spells                             Type                      Level
   a - Infusion                       Charms                       1
   b - Shroud of Golubria             Charms/Translocation         2
   c - Song of Slaying                Charms                       2
   d - Spectral Weapon                Hexes/Charms                 3
   e - Regeneration                   Charms/Necromancy            3
   Trog disapproves of the use of such an item.
 P - a book of Alchemy

   Spells                             Type                      Level
   a - Sublimation of Blood           Necromancy                   2
   b - Ignite Poison                  Fire/Transmutation/Poison    3
   c - Alistair's Intoxication        Transmutation/Poison         4
   d - Condensation Shield            Ice                          4
   e - Petrify                        Transmutation/Earth          4
   f - Irradiate                      Conjuration/Transmutation    5
   Trog disapproves of the use of such an item.
Miscellaneous
 l - a plain deck of destruction {drawn: 3}
 G - a disc of storms
Comestibles
 d - 5 bread rations
 f - a chunk of flesh
 m - 7 meat rations


   Skills:
 + Level 8.0 Fighting
 * Level 14.8 Axes
 + Level 8.9 Armour
 - Level 2.1 Dodging


You had 10 spell levels left.
You didn't know any spells.

Dungeon Overview and Level Annotations

Branches:
Dungeon (11/15)            Temple (1/1) D:5            Lair (0/8) D:8
    Orc: D:9-12

Altars:
Ashenzari
Cheibriados
Dithmenos
Elyvilon
Fedhas
Gozag
Kikubaaqudgha
Makhleb
Nemelex Xobeh
Okawaru
Qazlal
Ru
Sif Muna
Trog
Vehumet
Xom
Yredelemnul
Zin
The Shining One


Innate Abilities, Weirdness & Mutations

You are resistant to damage.
You can recharge devices by infusing magical energy.
You passively map the area around you.
You do not heal naturally.


Message History

* * * LOW HITPOINT WARNING * * *
The six-headed hydra bites you but does no damage.
The six-headed hydra bites you.
* * * LOW HITPOINT WARNING * * *
The six-headed hydra bites you but does no damage.
Lightning arcs down from a storm cloud! x3
You are too berserk!
You feel a strong urge to attack something.
Your air elemental hits the electric eel!
The electric eel dies!
Trog accepts your kill.
You hear a splash.
Lightning arcs down from a storm cloud! x2
Really walk into that cloud of thunder?
Okay, then.
You are too berserk!
You feel your anger subside.
Really walk into that cloud of thunder?
You are standing in a thunderstorm.
You are struck by lightning!
You die...

≈≈≈≈≈≈≈≈≈≈≈≈†≈≈≈≈≈≈≈≈≈≈≈≈
≈≈≈
≈≈≈≈≈≈≈≈≈≈....§§...Y.§≈≈≈
≈ ≈
≈≈≈≈.........§..§§§§§§...
.........=...§§.§§§§§§...
,
.............§§..ED§.§S..
##..#.##.#.##.#..$# * * *
#.........##...D.# *, , *
####.##.....§##.## * *
#.##.####.##@#
#####.##.### #.§# * , ,,
...%..##...# ,#.##
########.#.##.#.# ##### *
#...(..#.# ####.<.##*
###.#.####.#####.......#*
,*
#......###.#...........#
#.#.#........#.#.#.....#
#.#.##.###)....#.##....#


You could see an eight-headed hydra, a six-headed hydra, an ice beast and a
friendly air elemental.

Vanquished Creatures
  The ghost of WhatIsLove the Blocker, a powerful FoFi of Kikubaaqudgha (D:11)
  An unseen horror (D:10)
  2 hill giants
  Pikel (D:5)
  Psyche (D:8)
  A centaur skeleton (D:10)
  A deep elf mage (D:4)
  A wyvern (D:9)
  11 yaks
  A hippogriff (D:10)
  A deep elf fighter (D:8)
  A basilisk (D:9)
  A hungry ghost (D:10)
  3 ice beasts
  2 water moccasins (D:9)
  6 sky beasts
  2 black bears
  2 phantoms
  4 slaves
  A necrophage (D:5)
  4 ogres
  7 centaurs
  Blork the orc (D:5)
  A big kobold (D:10)
  A wyvern zombie (D:10)
  4 giant frogs
  A wyvern skeleton (D:11)
  A scorpion (D:5)
  2 electric eels (D:11)
  8 wights (D:10)
  3 killer bees (D:11)
  7 crimson imps
  A giant frog zombie (D:10)
  3 hounds
  2 jellies
  5 worker ants
  An orc priest (D:5)
  2 giant frog skeletons (D:5)
  5 orc wizards
  2 iguanas
  A worker ant zombie (D:8)
  A gnoll (D:2)
  2 river rats (D:8)
  11 adders
  3 shadow imps
  An ooze (D:3)
  3 adder skeletons
  An adder zombie (D:8)
  2 worms
  8 giant geckos
  20 orcs
  20 bats
  A bat skeleton (D:5)
  A bat zombie (D:6)
  7 hobgoblins
  7 jackals
  5 quokkas
  4 ball pythons
  4 giant cockroaches
  4 giant newts
  15 goblins
  A jackal skeleton (D:5)
  22 kobolds
  A quokka zombie (D:7)
  23 rats
273 creatures vanquished.

Vanquished Creatures (collateral kills)
  An electric eel (D:11)
1 creature vanquished.

Vanquished Creatures (others)
  A fungus (D:8)
1 creature vanquished.

Grand Total: 275 creatures vanquished

Notes
Turn   | Place    | Note
--------------------------------------------------------------
     0 | D:1      | HeyJoe the Deep Dwarf Berserker began the quest for the Orb.
     0 | D:1      | Reached XP level 1. HP: 20/20 MP: 1/1
   192 | D:1      | Reached XP level 2. HP: 21/27 MP: 2/2
   240 | D:1      | Reached skill level 4 in Axes
   663 | D:2      | Found a snail-covered altar of Cheibriados.
   697 | D:2      | Acquired Trog's second power
   766 | D:2      | Reached XP level 3. HP: 29/33 MP: 3/3
   787 | D:2      | Reached skill level 5 in Axes
   928 | D:2      | Found a shattered altar of Ashenzari.
  1436 | D:3      | Reached XP level 4. HP: 30/40 MP: 4/4
  1836 | D:3      | Reached skill level 6 in Axes
  1836 | D:3      | Reached XP level 5. HP: 19/46 MP: 5/5
  2358 | D:4      | Found a large runed door.
  2358 | D:4      | Found a large runed door.
  2373 | D:4      | Noticed a centaur
  2382 | D:4      | Killed a centaur
  2382 | D:4      | Reached skill level 7 in Axes
  2405 | D:4      | Noticed a phantom
  2445 | D:4      | Killed a phantom
  2445 | D:4      | Reached XP level 6. HP: 38/55 MP: 6/6
  2465 | D:4      | Noticed a centaur
  2482 | D:4      | Killed a centaur
  2482 | D:4      | Reached skill level 8 in Axes
  2486 | D:4      | Found a large runed door.
  2486 | D:4      | Found a large runed door.
  2768 | D:4      | Found a white marble altar of Elyvilon.
  2802 | D:4      | Got a faintly glowing robe
  2813 | D:4      | Identified the +1 robe of Pragmatism {rElec MR- MP+9 Int+4} (You found it on level 4 of the Dungeon)
  2831 | D:4      | Noticed a black bear
  2842 | D:4      | Killed a black bear
  2842 | D:4      | Reached XP level 7. HP: 24/61 MP: 7/7
  3121 | D:4      | Noticed a deep elf mage
  3133 | D:4      | Killed a deep elf mage
  3133 | D:4      | Reached skill level 9 in Axes
  3181 | D:5      | Entered Level 5 of the Dungeon
  3265 | D:5      | Reached skill level 10 in Axes
  3381 | D:5      | Found a staircase to the Ecumenical Temple.
  3412 | Temple   | Entered the Ecumenical Temple
  3864 | D:5      | Reached XP level 8. HP: 27/69 MP: 8/8
  4225 | D:5      | Noticed Pikel
  4261 | D:5      | Killed Pikel
  4261 | D:5      | Reached skill level 5 in Armour
  4264 | D:5      | Noticed Blork the orc
  4274 | D:5      | Killed Blork the orc
  4274 | D:5      | Reached skill level 11 in Axes
  4874 | D:6      | Gained mutation: You passively map the area around you. [Deep Dwarf growth]
  4874 | D:6      | Reached XP level 9. HP: 67/79 MP: 9/9
  4896 | D:6      | Found an iron altar of Okawaru.
  5126 | D:6      | Found a sacrificial altar of Ru.
  5274 | D:7      | Reached skill level 5 in Fighting
  6118 | D:8      | Reached skill level 12 in Axes
  6157 | D:8      | Acquired Trog's third power
  6270 | D:8      | Found a staircase to the Lair.
  6305 | D:8      | Noticed Psyche
  6320 | D:8      | Killed Psyche
  6555 | D:8      | Found a shadowy altar of Dithmenos.
  6572 | D:8      | Found a basalt altar of Yredelemnul.
  6756 | D:9      | Got an iridescent hand axe
  6765 | D:9      | Identified the +2 hand axe of Greed {antimagic, rElec rF+} (You found it on level 9 of the Dungeon)
  6986 | D:9      | Reached XP level 10. HP: 85/91 MP: 10/10
  7184 | D:9      | Reached skill level 13 in Axes
  7461 | D:10     | Entered Level 10 of the Dungeon
  7476 | D:10     | Noticed an unseen horror
  7504 | D:10     | Killed an unseen horror
  7618 | D:10     | Received a gift from Trog
  7841 | D:10     | Noticed a hill giant
  7875 | D:10     | Killed a hill giant
  7875 | D:10     | Reached skill level 14 in Axes
  7992 | D:10     | Reached XP level 11. HP: 39/100 MP: 11/11
  8766 | D:11     | Noticed WhatIsLove's ghost (powerful FoFi)
  8799 | D:11     | Killed WhatIsLove's ghost
  8970 | D:11     | Noticed a hill giant
  8982 | D:11     | Killed a hill giant
  8994 | D:11     | Noticed a five-headed hydra
  9000 | D:11     | Noticed an eight-headed hydra
  9007 | D:11     | Engulfed by a cloud of thunder

Vault maps used:
D:1:      roderic_crop_circles_arrival_large, serial_bayou_lake_a
D:2:      kennysheep_big_flooded_room, lemuel_doored_altar, cheibriados_altar_1
D:4:      black_bear_nest_1, lemuel_round_altar, first_bread,
          minmay_hollow_rounded_squares
D:5:      corexii_leaking_fountain, uniq_pikel, uniq_blork_the_orc
D:6:      hangedman_ru_absence, okawaru_gym_becter, serial_park_tiny_1
D:8:      nicolae_overflow_hidden_temple, nicolae_overflow_crystal_walls,
          grunt_lair_entry_elf_guard_hut, uniq_psyche
D:11:     minmay_twisted_water
Temple:   minmay_temple_forest_path_12

Action                   |  1- 3 |  4- 6 |  7- 9 | 10-12 || total
-------------------------+-------+-------+-------+-------++-------
Melee: Hand axe          |   153 |   264 |   680 |   477 ||  1574
Throw: Javelin           |       |       |       |     1 ||     1
Invok: Trog's Hand       |     3 |     4 |     5 |     1 ||    13
       Berserk           |     1 |     1 |     2 |     5 ||     9
Evoke: Wand              |     1 |     2 |     2 |     5 ||    10
       Disc of storms    |       |       |     1 |       ||     1
       Deck              |       |       |     1 |     2 ||     3
  Use: Scroll            |       |    12 |    12 |     4 ||    28
 Stab: Paralysed         |       |       |     3 |       ||     3
  Eat: Chunk             |     2 |     8 |    15 |    10 ||    35
       Royal jelly       |       |       |     4 |       ||     4
       Fruit             |       |       |     3 |       ||     3
       Beef jerky        |       |       |       |     3 ||     3
       Pizza             |       |       |       |     1 ||     1
